Avalanche vs Stars
Created - March 1, 2022 at 21:14
Goals
|
Avalanche |
1 |
1 |
1 |
3 |
Stars |
3 |
0 |
2 |
5 |
|
Shots
|
Avalanche |
5 |
9 |
6 |
20 |
Stars |
10 |
10 |
10 |
30 |
|
1st period
1. Stars , Evgeny Grachev 9 (Andrej Sustr 3) at 3:08
2. Stars , Michael Grabner 8 (Brian Lee 15, John Tavares 31) at 5:32
3. Avalanche , Pavel Buchnevich 6 (Mikkel Boedker 29) at 7:23
4. Stars , John Tavares 22 (Michael Grabner 22) at 18:13 (PP)
Penalties :
Jussi Jokinen (Dal) for Holding (Minor) at 7:58, James Van Riemsdyk (Col) for Elbowing (Minor) at 17:56
2nd period
5. Avalanche , Bryan Little 14 (Mikkel Boedker 30) at 19:52 (PP)
Penalties :
Brian Lee (Dal) for Interference (Minor) at 0:58, Jeremy Morin (Dal) for Holding (Minor) at 16:34, Brian Lee (Dal) for Hooking (Minor) at 19:47
3rd period
6. Avalanche , Mikkel Boedker 23 (Erik Karlsson 18) at 5:31
7. Stars , Michael Grabner 9 (John Tavares 32) at 12:52 (PP)
8. Stars , John Tavares 23 (Michael Grabner 23) at 18:48 (PP)
Penalties :
Erik Karlsson (Col) for Holding (Minor) at 12:48, Jarred Tinordi (Col) for Hooking (Minor) at 18:31
Goalie Stats
Cam Ward (Col), 25 saves from 30 shots - (0.833), L, 12-8-2, 60:00 minutes
Matt Murray (Dal), 17 saves from 20 shots - (0.850), W, 16-11-3, 60:00 minutes
Players Stats for Avalanche
Player Name G A P +/- PIM S H SB GA TA FO MP PP MP PK MP
------------------------------------------------------------------------------------
Bryan Little 1 0 1 1 0 4 2 0 2 2 19/33 21:24 3:25 0:00
Charlie Coyle 0 0 0 -1 0 1 1 0 0 0 10/22 20:01 2:37 0:00
Colten Teubert 0 0 0 -1 0 1 1 1 0 0 0/0 12:12 0:00 0:00
Erik Karlsson 0 1 1 2 2 0 2 0 0 2 0/0 19:37 2:28 0:00
Evgeny Dadonov 0 0 0 -1 0 1 1 1 1 1 0/1 19:33 2:37 0:00
Jack Johnson 0 0 0 -1 0 1 0 4 0 0 0/0 28:10 3:34 0:38
James Van Riemsdyk 0 0 0 -1 2 2 2 0 2 0 0/0 19:32 2:37 0:00
Jarred Tinordi 0 0 0 -1 2 0 1 1 0 0 0/0 12:11 0:00 0:00
Joel Edmundson 0 0 0 0 0 0 0 0 0 0 0/0 3:59 0:00 0:00
Kyle Turris 0 0 0 -1 0 0 1 0 0 0 5/6 13:03 0:00 0:00
Luke Witkowski 0 0 0 -1 0 2 0 0 0 2 1/1 13:13 0:00 0:00
Marc Staal 0 0 0 -1 0 0 2 0 2 0 0/0 24:11 3:34 0:38
Martin Samuelsson 0 0 0 1 0 0 1 0 0 0 0/0 5:12 0:00 0:00
Mattias Ekholm 0 0 0 2 0 2 2 0 0 0 0/0 19:38 2:28 0:00
Mikkel Boedker 1 2 3 2 0 2 4 0 3 0 5/9 26:34 3:25 0:38
Patric Hornqvist 0 0 0 1 0 3 1 1 0 0 0/0 22:02 3:25 0:38
Pavel Buchnevich 1 0 1 1 0 1 1 0 1 0 0/0 5:22 0:00 0:00
Tomas Fleischmann 0 0 0 -1 0 0 0 0 0 0 0/0 13:25 0:00 0:00
Players Stats for Stars
Player Name G A P +/- PIM S H SB GA TA FO MP PP MP PK MP
------------------------------------------------------------------------------------
Alex Chiasson 0 0 0 1 0 3 0 1 0 0 0/0 16:07 0:00 0:56
Andrej Sustr 0 1 1 0 0 0 0 0 1 2 0/0 20:39 0:04 3:16
Andrew Ladd 0 0 0 0 0 0 3 0 0 1 1/1 12:03 0:00 0:17
Boris Valabik 0 0 0 0 0 0 1 0 0 1 0/0 19:24 0:04 2:01
Brian Lee 0 1 1 1 4 1 0 0 1 2 0/0 26:39 0:34 2:13
Cam Atkinson 0 0 0 0 0 0 2 1 0 0 0/0 11:36 0:00 0:00
Cory Emmerton 0 0 0 0 0 0 2 0 0 0 2/8 11:36 0:00 0:00
Evgeny Grachev 1 0 1 1 0 4 3 2 1 1 4/14 17:38 0:00 1:55
Evgeny Kuznetsov 0 0 0 0 0 0 0 0 1 1 3/5 6:52 0:00 0:00
Guillaume Latendresse 0 0 0 -1 0 2 4 0 0 1 1/1 23:32 0:38 3:50
Ian White 0 0 0 1 0 2 0 2 0 2 0/0 27:56 0:34 4:01
Jeremy Morin 0 0 0 0 2 2 1 1 0 0 0/0 6:58 0:00 0:00
John Tavares 2 2 4 -1 0 4 2 0 1 0 19/39 23:34 0:38 3:50
Jussi Jokinen 0 0 0 1 2 4 1 0 0 0 1/2 16:53 0:00 1:16
Michael Grabner 2 2 4 -1 0 8 3 0 0 0 1/2 19:42 0:38 0:00
Paul Ladue 0 0 0 -1 0 0 0 1 0 0 0/0 13:13 0:00 0:33
Scott Kosmachuck 0 0 0 0 0 0 0 0 0 0 0/0 6:52 0:00 0:00
Tyson Barrie 0 0 0 -1 0 0 1 0 2 0 0/0 12:40 0:00 0:00
3 Stars
1 - Michael Grabner (Dal)
2 - John Tavares (Dal)
3 - Mikkel Boedker (Col)
Power Play
Avalanche - 1 on 4 Attempt(s) - 25.00%
Stars - 3 on 3 Attempt(s) - 100.00%
Penalty Kill
Avalanche - 0 on 3 Attempt(s) - 0.00%
- Score 0 goal in Penalty Kill
Stars - 3 on 4 Attempt(s) - 75.00%
- Score 0 goal in Penalty Kill
Team Stat
Avalanche - Hits : 22 - Faceoff Wins : 40 - Blocked Shots : 8 - Penalty Minutes : 6
Stars - Hits : 23 - Faceoff Wins : 32 - Blocked Shots : 8 - Penalty Minutes : 8
Official
Referees : Furman South and Tim Peel
Linesman : Bryan Pancich and Derek Nansen
Game Notes
No Game Note
Finance
Level 1 -- Attendance: 5652 (94.20%) -- Ticket Income $565,200
Level 2 -- Attendance: 4630 (92.60%) -- Ticket Income $277,800
Level 3 -- Attendance: 2000 (100.00%) -- Ticket Income $70,000
Level 4 -- Attendance: 4000 (100.00%) -- Ticket Income $100,000
Luxury Box -- Attendance: 903 (90.30%) -- Ticket Income $180,600
Game was played at the American Airlines Center.
Total Attendance: 17185 (95.47%)
Total Ticket Income: $1,193,600
Other Income: $179,040
Total Income: $1,372,640
Avalanche
5 vs 5 Forward
Center Left Wing Right Wing Time % Phy DF OF
1 Bryan Little Mikkel Boedker Patric Hornqvist 40 1 2 2
2 Charlie Coyle James Van Riemsdyk Evgeny Dadonov 30 1 2 2
3 Kyle Turris Tomas Fleischmann Luke Witkowski 20 1 2 2
4 Mikkel Boedker Martin Samuelsson Pavel Buchnevich 10 1 2 2
5 vs 5 Defense
Defense Defense Time % Phy DF OF
1 Jack Johnson Marc Staal 40 1 2 2
2 Erik Karlsson Mattias Ekholm 30 1 2 2
3 Colten Teubert Jarred Tinordi 20 1 2 2
4 Joel Edmundson Jack Johnson 10 1 2 2
PowerPlay Forward
Center Left Wing Right Wing Time % Phy DF OF
1 Bryan Little Mikkel Boedker Patric Hornqvist 60 1 2 2
2 Charlie Coyle James Van Riemsdyk Evgeny Dadonov 40 1 2 2
PowerPlay Defense
Defense Defense Time % Phy DF OF
1 Jack Johnson Marc Staal 60 1 2 2
2 Erik Karlsson Mattias Ekholm 40 1 2 2
Penalty Kill 4 Players Forward
Center Wing Time % Phy DF OF
1 Mikkel Boedker Patric Hornqvist 60 1 2 2
2 Bryan Little Charlie Coyle 40 1 2 2
Penalty Kill 4 Players Defense
Defense Defense Time % Phy DF OF
1 Jack Johnson Marc Staal 60 1 2 2
2 Erik Karlsson Mattias Ekholm 40 1 2 2
Penalty Kill - 3 Players Forward
Forward Time % Phy DF OF
1 Mikkel Boedker 60 1 2 2
2 Patric Hornqvist 40 1 2 2
Penalty Kill - 3 Players Defense
Defense Defense Time % Phy DF OF
1 Jack Johnson Marc Staal 60 1 2 2
2 Erik Karlsson Mattias Ekholm 40 1 2 2
4 vs 4 Forward
Center Wing Time % Phy DF OF
1 Mikkel Boedker Patric Hornqvist 60 1 2 2
2 Bryan Little Charlie Coyle 40 1 2 2
4 vs 4 Defense
Defense Defense Time % Phy DF OF
1 Jack Johnson Marc Staal 60 1 2 2
2 Erik Karlsson Mattias Ekholm 40 1 2 2
Last Minutes Offensive
Center Left Wing Right Wing Defense Defense
Bryan Little Mikkel Boedker Patric Hornqvist Jack Johnson Marc Staal
Last Minutes Defensive
Center Left Wing Right Wing Defense Defense
Bryan Little Mikkel Boedker Patric Hornqvist Jack Johnson Marc Staal
Goaltenders
Starting : Cam Ward
Backup : Semyon Varlamov
Extra Forwards
Normal : Tomas Fleischmann, Luke Witkowski, Pavel Buchnevich - PP : Tomas Fleischmann, Luke Witkowski - PK : Pavel Buchnevich
Extra Defensemen
Normal : Colten Teubert, Jarred Tinordi, Joel Edmundson - PP : Colten Teubert - PK : Jarred Tinordi, Joel Edmundson
Penalty Shots
Mikkel Boedker, Patric Hornqvist, Bryan Little, Charlie Coyle, James Van Riemsdyk
Scratches
Vincent Trocheck (Bruised Right Foot Injury)
Stars
5 vs 5 Forward
Center Left Wing Right Wing Time % Phy DF OF
1 John Tavares Guillaume Latendresse Michael Grabner 40 1 2 2
2 Evgeny Grachev Jussi Jokinen Alex Chiasson 30 1 2 2
3 Cory Emmerton Andrew Ladd Cam Atkinson 20 1 2 2
4 Evgeny Kuznetsov Jeremy Morin Scott Kosmachuck 10 1 2 2
5 vs 5 Defense
Defense Defense Time % Phy DF OF
1 Ian White Brian Lee 40 1 2 2
2 Boris Valabik Andrej Sustr 30 1 2 2
3 Paul Ladue Tyson Barrie 20 1 2 2
4 Ian White Brian Lee 10 1 2 2
PowerPlay Forward
Center Left Wing Right Wing Time % Phy DF OF
1 John Tavares Guillaume Latendresse Michael Grabner 60 0 2 3
2 Evgeny Grachev Jussi Jokinen Alex Chiasson 40 0 2 3
PowerPlay Defense
Defense Defense Time % Phy DF OF
1 Ian White Brian Lee 60 0 2 3
2 Boris Valabik Andrej Sustr 40 0 2 3
Penalty Kill 4 Players Forward
Center Wing Time % Phy DF OF
1 John Tavares Guillaume Latendresse 60 0 3 2
2 Evgeny Grachev Jussi Jokinen 40 0 3 2
Penalty Kill 4 Players Defense
Defense Defense Time % Phy DF OF
1 Ian White Brian Lee 60 0 3 2
2 Boris Valabik Andrej Sustr 40 0 3 2
Penalty Kill - 3 Players Forward
Forward Time % Phy DF OF
1 John Tavares 60 0 3 2
2 Evgeny Grachev 40 0 3 2
Penalty Kill - 3 Players Defense
Defense Defense Time % Phy DF OF
1 Ian White Brian Lee 60 0 3 2
2 Boris Valabik Andrej Sustr 40 0 3 2
4 vs 4 Forward
Center Wing Time % Phy DF OF
1 John Tavares Guillaume Latendresse 60 0 2 3
2 Evgeny Grachev Jussi Jokinen 40 0 2 3
4 vs 4 Defense
Defense Defense Time % Phy DF OF
1 Ian White Brian Lee 60 1 2 2
2 Boris Valabik Andrej Sustr 40 1 2 2
Last Minutes Offensive
Center Left Wing Right Wing Defense Defense
John Tavares Guillaume Latendresse Michael Grabner Ian White Brian Lee
Last Minutes Defensive
Center Left Wing Right Wing Defense Defense
John Tavares Guillaume Latendresse Michael Grabner Ian White Brian Lee
Goaltenders
Starting : Matt Murray
Backup : Braden Holtby
Extra Forwards
Normal : Alex Chiasson, Andrew Ladd, Evgeny Grachev - PP : Alex Chiasson, Andrew Ladd - PK : Alex Chiasson
Extra Defensemen
Normal : Andrej Sustr, Paul Ladue, Tyson Barrie - PP : Andrej Sustr - PK : Andrej Sustr, Paul Ladue
Penalty Shots
John Tavares, Guillaume Latendresse, Michael Grabner, Jussi Jokinen, Alex Chiasson
Scratches
Tyler Brenner (Healthy)
% Time on Ice - Avalanche
Lines # - Real PCT - Wanted PCT - Time Play
Normal Forward
1 - 34% - 40% - 18:09
2 - 32% - 30% - 16:56
3 - 24% - 20% - 13:03
4 - 10% - 10% - 5:12
Normal Defense
1 - 37% - 40% - 19:59
2 - 32% - 30% - 17:10
3 - 23% - 20% - 12:12
4 - 7% - 10% - 3:59
PP Forward
1 - 57% - 60% - 3:25
2 - 43% - 40% - 2:37
PP Defense
1 - 59% - 60% - 3:34
2 - 41% - 40% - 2:28
PK Forward
1 - 100% - 60% - 0:38
2 - 0% - 40% - 0:00
PK Defense
1 - 100% - 60% - 0:38
2 - 0% - 40% - 0:00
PK3 Forward
1 - 0% - 60%
2 - 0% - 40%
PK3 Defense
1 - 0% - 60%
2 - 0% - 40%
44 Forward
1 - 0% - 60%
2 - 0% - 40%
44 Defense
1 - 0% - 60%
2 - 0% - 40%
Last Minute Offensive - 0:00
Last Minute Defensive - 0:00
Total
Forward - 60:00
Defense - 60:00
|
% Time on Ice - Stars
Lines # - Real PCT - Wanted PCT - Time Play
Normal Forward
1 - 36% - 40% - 19:14
2 - 29% - 30% - 15:38
3 - 22% - 20% - 11:36
4 - 13% - 10% - 6:52
Normal Defense
1 - 38% - 40% - 20:14
2 - 32% - 30% - 17:19
3 - 24% - 20% - 12:40
4 - 6% - 10% - 3:07
PP Forward
1 - 100% - 60% - 0:38
2 - 0% - 40% - 0:00
PP Defense
1 - 89% - 60% - 0:34
2 - 11% - 40% - 0:04
PK Forward
1 - 68% - 60% - 4:07
2 - 32% - 40% - 1:55
PK Defense
1 - 67% - 60% - 4:01
2 - 33% - 40% - 2:01
PK3 Forward
1 - 0% - 60%
2 - 0% - 40%
PK3 Defense
1 - 0% - 60%
2 - 0% - 40%
44 Forward
1 - 0% - 60%
2 - 0% - 40%
44 Defense
1 - 0% - 60%
2 - 0% - 40%
Last Minute Offensive - 0:00
Last Minute Defensive - 0:00
Total
Forward - 60:00
Defense - 60:00
|
Play-by-Play
1st period
0:01 of 1st period - Bryan Little wins face-off versus John Tavares in neutral zone.
0:26 of 1st period - Jack Johnson is hit by Evgeny Grachev and loses puck.
0:49 of 1st period - Backhand shot by Cam Atkinson.
0:49 of 1st period - Deflect By Cory Emmerton.
0:49 of 1st period - Shot Misses the Net.
0:49 of 1st period - Puck is out of play.
0:50 of 1st period - Kyle Turris wins face-off versus Cory Emmerton in Avalanche zone.
1:38 of 1st period - Snap shot by Jussi Jokinen.
1:38 of 1st period - Stopped by Cam Ward with a rebound.
1:46 of 1st period - Wrist shot by Evgeny Grachev.
1:46 of 1st period - Shot Misses the Net.
1:48 of 1st period - Snap shot by Jussi Jokinen.
1:48 of 1st period - Shot Misses the Net.
3:08 of 1st period - Snap shot by Evgeny Grachev.
3:08 of 1st period - Goal by Evgeny Grachev - Avalanche : 0 - Stars : 1.
3:09 of 1st period - Bryan Little wins face-off versus John Tavares in neutral zone.
3:57 of 1st period - Snap shot by Kyle Turris.
3:57 of 1st period - Shot Misses the Net.
4:27 of 1st period - Boris Valabik is hit by Mikkel Boedker and loses puck.
5:06 of 1st period - Slapshot by Tomas Fleischmann.
5:06 of 1st period - Shot Misses the Net.
5:30 of 1st period - Wrist shot by Michael Grabner.
5:30 of 1st period - Shot Blocked by Jack Johnson.
5:32 of 1st period - Snap shot by Brian Lee.
5:32 of 1st period - Deflect By Michael Grabner.
5:32 of 1st period - Goal by Michael Grabner - Avalanche : 0 - Stars : 2.
5:33 of 1st period - John Tavares wins face-off versus Bryan Little in neutral zone.
5:38 of 1st period - Mikkel Boedker is hit by Guillaume Latendresse and loses puck.
6:50 of 1st period - John Tavares is hit by Colten Teubert and loses puck.
7:21 of 1st period - Slapshot by Pavel Buchnevich.
7:21 of 1st period - Shot Blocked by Paul Ladue.
7:23 of 1st period - Snap shot by Pavel Buchnevich.
7:23 of 1st period - Goal by Pavel Buchnevich - Avalanche : 1 - Stars : 2.
7:24 of 1st period - Bryan Little wins face-off versus Jussi Jokinen in neutral zone.
7:37 of 1st period - Wrist shot by Patric Hornqvist.
7:37 of 1st period - Stopped by Matt Murray with a rebound.
7:39 of 1st period - Slapshot by Marc Staal.
7:39 of 1st period - Shot Blocked by Evgeny Grachev.
7:58 of 1st period - Minor Penalty to Jussi Jokinen for Holding.
7:59 of 1st period - Bryan Little wins face-off versus John Tavares in Stars zone.
8:24 of 1st period - Icing by Bryan Little.
8:25 of 1st period - John Tavares wins face-off versus Evgeny Dadonov in Avalanche zone.
9:10 of 1st period - Wrist shot by James Van Riemsdyk.
9:10 of 1st period - Stopped by Matt Murray without a rebound.
9:11 of 1st period - Bryan Little wins face-off versus John Tavares in Stars zone.
9:26 of 1st period - John Tavares is hit by Mikkel Boedker and loses puck.
9:58 of 1st period - Penalty to Jussi Jokinen is over, Jussi Jokinen is back on ice.
10:03 of 1st period - Andrej Sustr is hit by Mattias Ekholm and loses puck.
10:12 of 1st period - Snap shot by Luke Witkowski.
10:12 of 1st period - Stopped by Matt Murray without a rebound.
10:13 of 1st period - Evgeny Grachev wins face-off versus Kyle Turris in Stars zone.
10:28 of 1st period - Wrist shot by Evgeny Grachev.
10:28 of 1st period - Shot Misses the Net.
11:14 of 1st period - Bryan Little is hit by Tyson Barrie and loses puck.
12:56 of 1st period - Wrist shot by Evgeny Grachev.
12:56 of 1st period - Stopped by Cam Ward with a rebound.
12:58 of 1st period - Snap shot by Evgeny Grachev.
12:58 of 1st period - Shot Blocked by Patric Hornqvist.
13:38 of 1st period - Snap shot by Michael Grabner.
13:38 of 1st period - Stopped by Cam Ward without a rebound.
13:39 of 1st period - Kyle Turris wins face-off versus John Tavares in Avalanche zone.
13:39 of 1st period - Kyle Turris is hit by John Tavares.
13:47 of 1st period - Snap shot by Guillaume Latendresse.
13:47 of 1st period - Stopped by Cam Ward without a rebound.
13:48 of 1st period - John Tavares wins face-off versus Bryan Little in Avalanche zone.
13:51 of 1st period - Snap shot by Guillaume Latendresse.
13:51 of 1st period - Shot Blocked by Jack Johnson.
13:53 of 1st period - Slapshot by Guillaume Latendresse.
13:53 of 1st period - Stopped by Cam Ward with a rebound.
14:52 of 1st period - Icing by Martin Samuelsson.
14:53 of 1st period - Mikkel Boedker wins face-off versus John Tavares in Avalanche zone.
15:17 of 1st period - Mikkel Boedker is hit by Andrew Ladd and loses puck.
15:46 of 1st period - Charlie Coyle is hit by Boris Valabik and loses puck.
16:02 of 1st period - Icing by Michael Grabner.
16:03 of 1st period - Kyle Turris wins face-off versus John Tavares in Stars zone.
16:04 of 1st period - Backhand shot by Luke Witkowski.
16:04 of 1st period - Shot Misses the Net.
16:19 of 1st period - Icing by Kyle Turris.
16:20 of 1st period - Kyle Turris wins face-off versus Evgeny Grachev in Avalanche zone.
16:42 of 1st period - Jack Johnson is hit by Evgeny Grachev and loses puck.
16:55 of 1st period - Snap shot by Jussi Jokinen.
16:55 of 1st period - Shot Misses the Net.
17:00 of 1st period - Off-side.
17:01 of 1st period - Bryan Little wins face-off versus John Tavares in neutral zone.
17:31 of 1st period - Off-side.
17:32 of 1st period - Cory Emmerton wins face-off versus Charlie Coyle in neutral zone.
17:41 of 1st period - Wrist shot by Jack Johnson.
17:41 of 1st period - Shot Blocked by Cam Atkinson.
17:56 of 1st period - Minor Penalty to James Van Riemsdyk for Elbowing.
17:57 of 1st period - John Tavares wins face-off versus Mikkel Boedker in Avalanche zone.
17:57 of 1st period - Wrist shot by Michael Grabner.
17:57 of 1st period - Stopped by Cam Ward without a rebound.
17:58 of 1st period - Mikkel Boedker wins face-off versus Michael Grabner in Avalanche zone.
18:09 of 1st period - Snap shot by John Tavares.
18:09 of 1st period - Stopped by Cam Ward without a rebound.
18:10 of 1st period - John Tavares wins face-off versus Mikkel Boedker in Avalanche zone.
18:13 of 1st period - Wrist shot by John Tavares.
18:13 of 1st period - Goal by John Tavares - Avalanche : 1 - Stars : 3.
18:14 of 1st period - Bryan Little wins face-off versus John Tavares in neutral zone.
18:19 of 1st period - Slapshot by Bryan Little.
18:19 of 1st period - Stopped by Matt Murray with a rebound.
18:40 of 1st period - Icing by Ian White.
18:41 of 1st period - Charlie Coyle wins face-off versus Evgeny Grachev in Stars zone.
19:05 of 1st period - Icing by Charlie Coyle.
19:06 of 1st period - Bryan Little wins face-off versus John Tavares in Avalanche zone.
Goals for this period are 1 for Avalanche vs 3 for Stars.
Shots for this period are 5 for Avalanche vs 10 for Stars.
2nd period
0:01 of 2nd period - John Tavares wins face-off versus Bryan Little in neutral zone.
0:14 of 2nd period - Backhand shot by Michael Grabner.
0:14 of 2nd period - Stopped by Cam Ward with a rebound.
0:26 of 2nd period - Charlie Coyle is hit by Cory Emmerton and loses puck.
0:33 of 2nd period - Slapshot by Mattias Ekholm.
0:33 of 2nd period - Stopped by Matt Murray without a rebound.
0:34 of 2nd period - John Tavares wins face-off versus Bryan Little in Stars zone.
0:48 of 2nd period - Slapshot by Michael Grabner.
0:48 of 2nd period - Stopped by Cam Ward without a rebound.
0:49 of 2nd period - Charlie Coyle wins face-off versus Evgeny Grachev in Avalanche zone.
0:49 of 2nd period - Charlie Coyle is hit by Jussi Jokinen.
0:58 of 2nd period - Minor Penalty to Brian Lee for Interference.
0:59 of 2nd period - Bryan Little wins face-off versus John Tavares in Stars zone.
1:13 of 2nd period - Snap shot by Bryan Little.
1:13 of 2nd period - Shot Blocked by Ian White.
1:33 of 2nd period - Snap shot by Bryan Little.
1:33 of 2nd period - Shot Misses the Net.
1:35 of 2nd period - Slapshot by Mattias Ekholm.
1:35 of 2nd period - Stopped by Matt Murray without a rebound.
1:36 of 2nd period - John Tavares wins face-off versus Charlie Coyle in Stars zone.
2:08 of 2nd period - Icing by Evgeny Dadonov.
2:09 of 2nd period - Charlie Coyle wins face-off versus John Tavares in Avalanche zone.
2:13 of 2nd period - Off-side.
2:14 of 2nd period - Bryan Little wins face-off versus John Tavares in neutral zone.
2:54 of 2nd period - Snap shot by Bryan Little.
2:54 of 2nd period - Shot Misses the Net.
2:58 of 2nd period - Penalty to Brian Lee is over, Brian Lee is back on ice.
3:30 of 2nd period - Snap shot by Jack Johnson.
3:30 of 2nd period - Stopped by Matt Murray without a rebound.
3:31 of 2nd period - John Tavares wins face-off versus Charlie Coyle in Stars zone.
3:35 of 2nd period - Icing by Michael Grabner.
3:36 of 2nd period - Charlie Coyle wins face-off versus John Tavares in Stars zone.
4:41 of 2nd period - Evgeny Grachev is hit by James Van Riemsdyk and loses puck.
5:13 of 2nd period - Snap shot by Cory Emmerton.
5:13 of 2nd period - Deflect By Cam Atkinson.
5:13 of 2nd period - Shot Misses the Net.
5:13 of 2nd period - Puck is out of play.
5:14 of 2nd period - Bryan Little wins face-off versus Cory Emmerton in Avalanche zone.
5:14 of 2nd period - Bryan Little is hit by Cam Atkinson.
5:20 of 2nd period - Ian White is hit by Mikkel Boedker and loses puck.
5:39 of 2nd period - Erik Karlsson is hit by Michael Grabner and loses puck.
6:44 of 2nd period - Andrew Ladd is hit by Martin Samuelsson and loses puck.
6:51 of 2nd period - Mikkel Boedker is hit by Andrew Ladd and loses puck.
7:04 of 2nd period - Andrej Sustr is hit by Erik Karlsson and loses puck.
7:11 of 2nd period - Erik Karlsson is hit by Guillaume Latendresse.
7:36 of 2nd period - Off-side.
7:37 of 2nd period - Cory Emmerton wins face-off versus Charlie Coyle in neutral zone.
7:39 of 2nd period - Tyson Barrie is hit by Charlie Coyle.
8:15 of 2nd period - Icing by Luke Witkowski.
8:16 of 2nd period - Kyle Turris wins face-off versus Evgeny Grachev in Avalanche zone.
8:43 of 2nd period - Marc Staal is hit by Guillaume Latendresse and loses puck.
9:12 of 2nd period - Snap shot by Charlie Coyle.
9:12 of 2nd period - Stopped by Matt Murray without a rebound.
9:13 of 2nd period - Charlie Coyle wins face-off versus Evgeny Grachev in Stars zone.
9:24 of 2nd period - Snap shot by Evgeny Dadonov.
9:24 of 2nd period - Stopped by Matt Murray without a rebound.
9:25 of 2nd period - John Tavares wins face-off versus Bryan Little in Stars zone.
10:30 of 2nd period - Snap shot by Jussi Jokinen.
10:30 of 2nd period - Stopped by Cam Ward with a rebound.
10:48 of 2nd period - Wrist shot by Michael Grabner.
10:48 of 2nd period - Shot Misses the Net.
10:50 of 2nd period - Slapshot by Ian White.
10:50 of 2nd period - Shot Blocked by Jarred Tinordi.
10:52 of 2nd period - Slapshot by Ian White.
10:52 of 2nd period - Stopped by Cam Ward without a rebound.
10:53 of 2nd period - Charlie Coyle wins face-off versus Evgeny Grachev in Avalanche zone.
10:57 of 2nd period - Off-side.
10:58 of 2nd period - Charlie Coyle wins face-off versus Evgeny Grachev in neutral zone.
11:31 of 2nd period - Wrist shot by Mikkel Boedker.
11:31 of 2nd period - Deflect By Patric Hornqvist.
11:31 of 2nd period - Shot Misses the Net.
11:31 of 2nd period - Puck is out of play.
11:32 of 2nd period - John Tavares wins face-off versus Bryan Little in Stars zone.
11:59 of 2nd period - Evgeny Grachev is hit by Marc Staal and loses puck.
12:10 of 2nd period - Wrist shot by James Van Riemsdyk.
12:10 of 2nd period - Shot Misses the Net.
12:22 of 2nd period - Wrist shot by Jeremy Morin.
12:22 of 2nd period - Stopped by Cam Ward with a rebound.
12:24 of 2nd period - Snap shot by Jeremy Morin.
12:24 of 2nd period - Stopped by Cam Ward without a rebound.
12:25 of 2nd period - Evgeny Kuznetsov wins face-off versus Bryan Little in Avalanche zone.
12:52 of 2nd period - Marc Staal is hit by Evgeny Grachev and loses puck.
13:03 of 2nd period - Snap shot by Alex Chiasson.
13:03 of 2nd period - Shot Blocked by Evgeny Dadonov.
13:05 of 2nd period - Slapshot by Jussi Jokinen.
13:05 of 2nd period - Stopped by Cam Ward with a rebound.
13:20 of 2nd period - Tomas Fleischmann is hit by Guillaume Latendresse and loses puck.
14:04 of 2nd period - Wrist shot by Evgeny Grachev.
14:04 of 2nd period - Stopped by Cam Ward without a rebound.
14:05 of 2nd period - Charlie Coyle wins face-off versus John Tavares in Avalanche zone.
14:12 of 2nd period - Slapshot by Michael Grabner.
14:12 of 2nd period - Stopped by Cam Ward without a rebound.
14:13 of 2nd period - John Tavares wins face-off versus Charlie Coyle in Avalanche zone.
14:51 of 2nd period - Slapshot by Evgeny Dadonov.
14:51 of 2nd period - Shot Blocked by Ian White.
15:16 of 2nd period - Icing by Ian White.
15:17 of 2nd period - Bryan Little wins face-off versus John Tavares in Stars zone.
15:18 of 2nd period - Wrist shot by Mikkel Boedker.
15:18 of 2nd period - Shot Misses the Net.
15:20 of 2nd period - Snap shot by Bryan Little.
15:20 of 2nd period - Stopped by Matt Murray with a rebound.
15:22 of 2nd period - Snap shot by Patric Hornqvist.
15:22 of 2nd period - Stopped by Matt Murray without a rebound.
15:23 of 2nd period - Evgeny Grachev wins face-off versus Bryan Little in Stars zone.
15:34 of 2nd period - Snap shot by Jussi Jokinen.
15:34 of 2nd period - Stopped by Cam Ward without a rebound.
15:35 of 2nd period - Bryan Little wins face-off versus Cory Emmerton in Avalanche zone.
15:50 of 2nd period - Snap shot by Bryan Little.
15:50 of 2nd period - Stopped by Matt Murray with a rebound.
16:27 of 2nd period - Snap shot by Evgeny Dadonov.
16:27 of 2nd period - Shot Blocked by Jeremy Morin.
16:34 of 2nd period - Minor Penalty to Jeremy Morin for Holding.
16:35 of 2nd period - John Tavares wins face-off versus Bryan Little in Stars zone.
17:01 of 2nd period - Brian Lee is hit by Marc Staal and loses puck.
18:08 of 2nd period - Brian Lee is hit by Mikkel Boedker and loses puck.
18:34 of 2nd period - Penalty to Jeremy Morin is over, Jeremy Morin is back on ice.
18:51 of 2nd period - Andrew Ladd is hit by Mattias Ekholm and loses puck.
19:05 of 2nd period - Off-side.
19:06 of 2nd period - Evgeny Kuznetsov wins face-off versus Charlie Coyle in neutral zone.
19:10 of 2nd period - Icing by Colten Teubert.
19:11 of 2nd period - Evgeny Kuznetsov wins face-off versus Charlie Coyle in Avalanche zone.
19:47 of 2nd period - Minor Penalty to Brian Lee for Hooking.
19:48 of 2nd period - Bryan Little wins face-off versus John Tavares in Stars zone.
19:52 of 2nd period - Wrist shot by Bryan Little.
19:52 of 2nd period - Goal by Bryan Little - Avalanche : 2 - Stars : 3.
19:53 of 2nd period - John Tavares wins face-off versus Bryan Little in neutral zone.
19:56 of 2nd period - Slapshot by Ian White.
19:56 of 2nd period - Shot Misses the Net.
Goals for this period are 1 for Avalanche vs 0 for Stars.
Shots for this period are 9 for Avalanche vs 10 for Stars.
3rd period
0:01 of 3rd period - John Tavares wins face-off versus Bryan Little in neutral zone.
0:38 of 3rd period - Snap shot by Charlie Coyle.
0:38 of 3rd period - Shot Blocked by Evgeny Grachev.
0:48 of 3rd period - Tomas Fleischmann is hit by Andrew Ladd and loses puck.
1:09 of 3rd period - Snap shot by Scott Kosmachuck.
1:09 of 3rd period - Deflect By Jeremy Morin.
1:09 of 3rd period - Shot Misses the Net.
1:09 of 3rd period - Puck is out of play.
1:10 of 3rd period - Mikkel Boedker wins face-off versus Evgeny Kuznetsov in Avalanche zone.
1:15 of 3rd period - Jeremy Morin is hit by Pavel Buchnevich and loses puck.
1:41 of 3rd period - Guillaume Latendresse is hit by James Van Riemsdyk and loses puck.
1:46 of 3rd period - Wrist shot by James Van Riemsdyk.
1:46 of 3rd period - Stopped by Matt Murray with a rebound.
1:56 of 3rd period - Michael Grabner is hit by Patric Hornqvist and loses puck.
2:13 of 3rd period - Wrist shot by Luke Witkowski.
2:13 of 3rd period - Stopped by Matt Murray without a rebound.
2:14 of 3rd period - Luke Witkowski wins face-off versus Evgeny Grachev in Stars zone.
2:15 of 3rd period - Snap shot by Tomas Fleischmann.
2:15 of 3rd period - Shot Blocked by Alex Chiasson.
4:23 of 3rd period - Wrist shot by Alex Chiasson.
4:23 of 3rd period - Stopped by Cam Ward without a rebound.
4:24 of 3rd period - Bryan Little wins face-off versus John Tavares in Avalanche zone.
4:37 of 3rd period - Wrist shot by Mattias Ekholm.
4:37 of 3rd period - Deflect By Mikkel Boedker.
4:37 of 3rd period - Shot Hit the Post.
4:37 of 3rd period - Puck is out of play.
4:38 of 3rd period - John Tavares wins face-off versus Bryan Little in Stars zone.
4:47 of 3rd period - Wrist shot by Guillaume Latendresse.
4:47 of 3rd period - Shot Misses the Net.
4:55 of 3rd period - John Tavares is hit by Bryan Little.
5:02 of 3rd period - Icing by Jack Johnson.
5:03 of 3rd period - Charlie Coyle wins face-off versus Cory Emmerton in Avalanche zone.
5:03 of 3rd period - Charlie Coyle is hit by Cory Emmerton.
5:31 of 3rd period - Slapshot by Mikkel Boedker.
5:31 of 3rd period - Goal by Mikkel Boedker - Avalanche : 3 - Stars : 3.
5:32 of 3rd period - Bryan Little wins face-off versus John Tavares in neutral zone.
5:47 of 3rd period - Snap shot by Michael Grabner.
5:47 of 3rd period - Stopped by Cam Ward without a rebound.
5:48 of 3rd period - Bryan Little wins face-off versus Evgeny Grachev in Avalanche zone.
5:53 of 3rd period - Slapshot by Mikkel Boedker.
5:53 of 3rd period - Stopped by Matt Murray without a rebound.
5:54 of 3rd period - Bryan Little wins face-off versus Evgeny Grachev in Stars zone.
6:24 of 3rd period - Slapshot by Joel Edmundson.
6:24 of 3rd period - Shot Hit the Post.
6:26 of 3rd period - Backhand shot by Evgeny Dadonov.
6:26 of 3rd period - Deflect By Charlie Coyle.
6:26 of 3rd period - Shot Misses the Net.
6:26 of 3rd period - Puck is out of play.
6:27 of 3rd period - John Tavares wins face-off versus Charlie Coyle in Stars zone.
6:27 of 3rd period - John Tavares is hit by Evgeny Dadonov.
6:33 of 3rd period - James Van Riemsdyk is hit by Michael Grabner and loses puck.
7:01 of 3rd period - Paul Ladue is hit by Bryan Little.
7:25 of 3rd period - Tomas Fleischmann is hit by Cam Atkinson and loses puck.
8:41 of 3rd period - Icing by Evgeny Dadonov.
8:42 of 3rd period - Andrew Ladd wins face-off versus Charlie Coyle in Avalanche zone.
8:51 of 3rd period - Slapshot by Boris Valabik.
8:51 of 3rd period - Shot Blocked by Colten Teubert.
9:09 of 3rd period - Slapshot by Kyle Turris.
9:09 of 3rd period - Shot Misses the Net.
9:11 of 3rd period - Slapshot by Colten Teubert.
9:11 of 3rd period - Stopped by Matt Murray with a rebound.
9:47 of 3rd period - Snap shot by Evgeny Grachev.
9:47 of 3rd period - Stopped by Cam Ward with a rebound.
9:49 of 3rd period - Snap shot by Ian White.
9:49 of 3rd period - Stopped by Cam Ward with a rebound.
10:00 of 3rd period - Icing by Evgeny Dadonov.
10:01 of 3rd period - Charlie Coyle wins face-off versus Evgeny Kuznetsov in Avalanche zone.
10:06 of 3rd period - Wrist shot by Patric Hornqvist.
10:06 of 3rd period - Shot Misses the Net.
11:29 of 3rd period - Martin Samuelsson is hit by Jeremy Morin and loses puck.
11:48 of 3rd period - Boris Valabik is hit by Jarred Tinordi.
12:00 of 3rd period - Slapshot by John Tavares.
12:00 of 3rd period - Shot Misses the Net.
12:48 of 3rd period - Minor Penalty to Erik Karlsson for Holding.
12:49 of 3rd period - John Tavares wins face-off versus Mikkel Boedker in Avalanche zone.
12:52 of 3rd period - Snap shot by Michael Grabner.
12:52 of 3rd period - Goal by Michael Grabner - Avalanche : 3 - Stars : 4.
12:53 of 3rd period - John Tavares wins face-off versus Bryan Little in neutral zone.
13:06 of 3rd period - Wrist shot by John Tavares.
13:06 of 3rd period - Stopped by Cam Ward without a rebound.
13:07 of 3rd period - Mikkel Boedker wins face-off versus John Tavares in Avalanche zone.
13:07 of 3rd period - Mikkel Boedker is hit by Michael Grabner.
13:39 of 3rd period - Cam Atkinson is hit by Erik Karlsson.
13:42 of 3rd period - Off-side.
13:43 of 3rd period - Jussi Jokinen wins face-off versus Charlie Coyle in neutral zone.
13:50 of 3rd period - Wrist shot by Alex Chiasson.
13:50 of 3rd period - Stopped by Cam Ward without a rebound.
13:51 of 3rd period - Evgeny Grachev wins face-off versus Charlie Coyle in Avalanche zone.
13:52 of 3rd period - Snap shot by Alex Chiasson.
13:52 of 3rd period - Stopped by Cam Ward without a rebound.
13:53 of 3rd period - Evgeny Grachev wins face-off versus Charlie Coyle in Avalanche zone.
13:56 of 3rd period - Snap shot by Alex Chiasson.
13:56 of 3rd period - Shot Misses the Net.
14:14 of 3rd period - Wrist shot by Alex Chiasson.
14:14 of 3rd period - Shot Blocked by Jack Johnson.
14:33 of 3rd period - Off-side.
14:34 of 3rd period - Guillaume Latendresse wins face-off versus Bryan Little in neutral zone.
16:23 of 3rd period - Slapshot by Andrew Ladd.
16:23 of 3rd period - Shot Blocked by Jack Johnson.
17:15 of 3rd period - Jack Johnson is hit by John Tavares and loses puck.
17:46 of 3rd period - Slapshot by Brian Lee.
17:46 of 3rd period - Stopped by Cam Ward without a rebound.
17:47 of 3rd period - Bryan Little wins face-off versus Cory Emmerton in Avalanche zone.
18:12 of 3rd period - Guillaume Latendresse is hit by Kyle Turris and loses puck.
18:31 of 3rd period - Minor Penalty to Jarred Tinordi for Hooking.
18:32 of 3rd period - Michael Grabner wins face-off versus Mikkel Boedker in Avalanche zone.
18:48 of 3rd period - Snap shot by John Tavares.
18:48 of 3rd period - Goal by John Tavares - Avalanche : 3 - Stars : 5.
18:49 of 3rd period - Mikkel Boedker wins face-off versus Cory Emmerton in neutral zone.
19:29 of 3rd period - Snap shot by Patric Hornqvist.
19:29 of 3rd period - Stopped by Matt Murray with a rebound.
Goals for this period are 1 for Avalanche vs 2 for Stars.
Shots for this period are 6 for Avalanche vs 10 for Stars.